 Dungeon Crawl Stone Soup version 0.30.1-11-g7821555f0a (webtiles) character file.

Game seed: 17236211327766794852

14557 cowcol the Severer (level 11, -9/139 HPs)
             Began as a Minotaur Fighter on Dec 25, 2023.
             Was a High Priest of Okawaru.
             Killed from afar by a ynoxinul (31 damage)
             ... with an iron shot
             ... on level 1 of the Abyss.
             The game lasted 00:26:59 (14890 turns).

cowcol the Severer (Minotaur Fighter)              Turns: 14890, Time: 00:26:59

Health: -9/139     AC: 25    Str: 23    XL:     11   Next: 90%
Magic:  10/10      EV:  2    Int:  7    God:    Okawaru [*****.]
Gold:   564        SH:  5    Dex: 10    Spells: 10/10 levels left

rFire   . . .        a - +0 war axe
rCold   . . .        c - +1 buckler
rNeg    . . .        f - melded +0 plate armour
rPois   +            (helmet currently unavailable)
rElec   .            (cloak currently unavailable)
rCorr   +            (gloves currently unavailable)
SInv    .            (boots currently unavailable)
Will    .....        (no amulet)
Stlth   +            l - +4 ring of slaying
HPRegen 0.43/turn    p - ring of resist corrosion
MPRegen 0.12/turn

%: no passive effects
@: tree-form (expiring), studying Ice Magic
A: stationary, stasis, torment immunity, boosted hp, (horns 2), (retaliatory
headbutt), frail 1, MP-powered wands
a: Renounce Religion, Heroism, Finesse, Duel


You were on level 1 of the Abyss.
You worshipped Okawaru.
Okawaru was extremely pleased with you.
You were a tree.
You visited 2 branches of the dungeon, and saw 13 of its levels.
You visited the Abyss 1 time.

You collected 648 gold pieces.
You spent 84 gold pieces at shops.

Inventory:

Hand Weapons
 a - a +0 war axe (weapon)
 o - a +3 hand axe of freezing
 B - a +0 bardiche
Missiles
 y - 33 poisoned darts (quivered)
Armour
 b - a +0 scale mail
 c - a +1 buckler (worn)
 f - a +0 plate armour (melded)
Jewellery
 g - an amulet of faith
 h - a +6 ring of intelligence
 l - a +4 ring of slaying (left branch)
 p - a ring of resist corrosion (right branch)
 x - a ring of magical power
 C - a ring of fire
 M - a ring of willpower
Wands
 q - a wand of polymorph (21)
 w - a wand of roots (5)
 E - a wand of quicksilver (10)
 F - a wand of flame (6)
Scrolls
 d - 4 scrolls of immolation
 e - 3 scrolls of fog
 i - 2 scrolls of teleportation
 j - 2 scrolls of blinking {unknown}
 m - 2 scrolls of magic mapping
 n - 2 scrolls of butterflies {unknown}
 r - 4 scrolls of vulnerability
 s - 2 scrolls of brand weapon
 t - 4 scrolls of fear
 v - a scroll of enchant weapon {unknown}
 H - a scroll of amnesia
 L - a scroll of enchant armour
Potions
 k - 2 potions of flight
 u - 2 potions of berserk rage {unknown}
 z - a potion of degeneration {unknown}
 A - 2 potions of haste {unknown}
 D - a potion of curing
 G - a potion of lignification
 I - a potion of brilliance {unknown}
 J - a potion of resistance {unknown}
 K - a potion of invisibility {unknown}


   Skills:
 + Level 11.9 Fighting
 + Level 16.2 Axes
 + Level 2.3 Throwing
 - Level 12.0 Armour
 - Level 3.6 Shields
 + Level 1.2 Invocations
 - Level 0.3 Evocations


You had 10 spell levels left.
You didn't know any spells.
Your spell library contained the following spells:

 Spells                   Type           Power      Damage    Failure   Level
 Beastly Appendage        Tmut           0%         N/A       50%         1
 Magic Dart               Conj           0%         1d3       50%         1
 Sandblast                Erth           0%         2d4       50%         1
 Slow                     Hex            0%         N/A       50%         1
 Passwall                 Tmut/Erth      0%         N/A       63%         2
 Searing Ray              Conj           0%         2d4       63%         2
 Sublimation of Blood     Necr           0%         N/A       63%         2
 Wereblood                Tmut           0%         N/A       63%         2
 Confusing Touch          Hex            0%         N/A       86%         3
 Gell's Gravitas          Tloc           0%         N/A       86%         3
 Hailstorm                Conj/Ice       0%         3d3       86%         3
 Portal Projectile        Hex/Tloc       0%         N/A       86%         3
 Spider Form              Tmut/Pois      0%         N/A       86%         3
 Stone Arrow              Conj/Erth      0%         3d7       86%         3
 Teleport Other           Tloc           0%         N/A       86%         3
 Vampiric Draining        Necr           0%         2d6       86%         3
 Vhi's Electric Charge    Tloc/Air       0%         N/A       86%         3
 Fulminant Prism          Conj/Hex       0%         3d5       99%         4
 Ice Form                 Ice/Tmut       0%         N/A       99%         4
 Leda's Liquefaction      Hex/Erth       0%         N/A       99%         4
 Petrify                  Tmut/Erth      0%         N/A       99%         4
 Arcjolt                  Conj/Air       0%         1d10      100%        5
 Blade Hands              Tmut           0%         N/A       100%        5
 Irradiate                Conj/Tmut      0%         3d11      100%        5
 Dispersal                Tloc           0%         N/A       100%        6
 Plasma Beam              Fire/Air       0%         2x1d11    100%        6
 Call Canine Familiar     Summ           Unusable   N/A       N/A         3
 Tukima's Dance           Hex            Unusable   N/A       N/A         3
 Simulacrum               Ice/Necr       Unusable   N/A       N/A         6

Dungeon Overview and Level Annotations

Branches:
Dungeon (12/15)            Temple (1/1) D:7            Lair (0/5) D:8
    Orc: D:9-12

Altars:
Ashenzari
Cheibriados
Dithmenos
Elyvilon
Fedhas
Gozag
Hepliaklqana
Kikubaaqudgha
Makhleb
Nemelex Xobeh
Okawaru
Qazlal
Ru
Sif Muna
Trog
Uskayaw
Vehumet
Wu Jian
Xom
Yredelemnul
Zin
The Shining One
Ignis

Shops:
D:6 *   D:11 *(

Annotations:
D:11 exclusion: orange crystal statue
D:12 Sonja


Innate Abilities, Weirdness & Mutations

You are a tree.
Your roots penetrate the ground, keeping you stationary.
You cannot be teleported.
You are immune to unholy pain and torment.
Your maximum health is greatly increased.
Your equipment is partially melded.
((You have a pair of horns on your head.))
((You reflexively headbutt those who attack you in melee.))
You are frail. (-10% HP)
You expend magic power (3 MP) to strengthen your wands.


Message History

* * * LOW HITPOINT WARNING * * *
Space warps around you.
* * * LOW HITPOINT WARNING * * *
Sonja hits you with a +2 short sword of distortion.
* * * LOW HITPOINT WARNING * * *
You blink.
Sonja gestures wildly while chanting.
Sonja blinks!
Sonja mumbles some strange words.
Sonja blinks!
Okay, then.
Okay, then.
Okay, then.
You feel better. Sonja barely misses you. Sonja hits you but does no damage.
Space warps horribly around you!
* * * LOW HITPOINT WARNING * * *
Sonja hits you but does no damage. Space warps around you.
* * * LOW HITPOINT WARNING * * *
Really quaff the potion of lignification?
You turn into a tree.
Your +0 plate armour melds into your body.
Your roots penetrate the ground.
You block Sonja's attack. Sonja hits you but does no damage.
Sonja hits you with a +2 short sword of distortion.
* * * LOW HITPOINT WARNING * * *
You are cast into the Abyss!
This branch contains the abyssal rune of Zot.
You cannot move.
You cannot move.
You start resting.
Your transformation is almost over.
A ynoxinul comes into view.
A ynoxinul is nearby!
A ynoxinul is nearby!
A ynoxinul is nearby!
The ynoxinul bellows!
The ynoxinul gestures.
The ynoxinul gestures at you. The iron shot hits you!!
You die...

.. # #. #
#. #.##
#.#.##..#
......##
∩....
#..# #.♣#
#...#
##..#
....
3##.. #.
#... #
#...
..#..


You could see a ynoxinul.

Vanquished Creatures
  3 two-headed ogres
  A boulder beetle (D:11)
  2 tengu warriors (D:11)
  Nergalle (D:10)
  A manticore (D:11)
  2 cyclopes
  2 unseen horrors (D:12)
  3 trolls
  2 hornets
  A shadow (D:11)
  A wyvern (D:10)
  21 yaks
  2 wraiths (D:10)
  A steam dragon (D:9)
  3 humans
  Eustachio (D:6)
  A water moccasin (D:5)
  An orc warrior (D:9)
  2 ice beasts
  A sky beast (D:7)
  An ogre (D:5)
  A black bear (D:6)
  A phantom (D:4)
  2 centaurs
  Blork the orc (D:5)
  2 kobold brigands
  4 bullfrogs
  4 scorpions
  12 wights
  6 killer bees (D:9)
  3 howler monkeys (D:12)
  3 hounds
  8 orc priests
  A jelly (D:8)
  2 sleepcaps
  10 orc wizards
  5 iguanas
  5 adders
  11 gnolls
  3 shadow imps
  An ufetubus (D:6)
  A worm (D:3)
  2 dart slugs (D:2)
  29 orcs
  8 ball pythons
  6 endoplasms
  2 giant cockroaches (D:4)
  3 goblins
  2 hobgoblins
  2 jackals (D:1)
  9 quokkas
  4 bats
  2 frilled lizards
  12 kobolds
  7 rats
227 creatures vanquished.

Notes
Turn   | Place    | Note
-------+----------+-------------------------------------------
     0 | D:1      | cowcol the Minotaur Fighter began the quest for the Orb.
     0 | D:1      | Reached XP level 1. HP: 19/19 MP: 0/0
    90 | D:1      | Reached XP level 2. HP: 27/27 MP: 1/1
   430 | D:1      | Found a faded altar of an unknown god.
   564 | D:1      | Reached XP level 3. HP: 33/33 MP: 2/2
  1247 | D:2      | Reached skill level 3 in Axes
  1490 | D:2      | Reached XP level 4. HP: 24/41 MP: 3/3
  2186 | D:3      | Found an ancient bone altar of Kikubaaqudgha.
  2296 | D:3      | Reached skill level 5 in Armour
  2702 | D:3      | Found a sparkling altar of Nemelex Xobeh.
  2702 | D:3      | Found a glowing silver altar of Zin.
  2710 | D:3      | Found a sacrificial altar of Ru.
  2712 | D:3      | Found a blossoming altar of Fedhas.
  2714 | D:3      | Found a basalt altar of Yredelemnul.
  2965 | D:4      | Noticed a scorpion
  2972 | D:4      | Killed a scorpion
  2973 | D:4      | Reached skill level 4 in Axes
  2973 | D:4      | Reached XP level 5. HP: 40/47 MP: 4/4
  3204 | D:4      | Reached skill level 5 in Axes
  3204 | D:4      | Reached XP level 6. HP: 50/55 MP: 5/5
  3242 | D:4      | Noticed an ice beast
  3249 | D:4      | Killed an ice beast
  3250 | D:4      | Reached skill level 5 in Fighting
  3313 | D:4      | Found a basalt altar of Yredelemnul.
  3316 | D:4      | Found a bloodstained altar of Trog.
  3316 | D:4      | Found a blossoming altar of Fedhas.
  3318 | D:4      | Found a shadowy altar of Dithmenos.
  3318 | D:4      | Found a blossoming altar of Fedhas.
  3318 | D:4      | Found a shimmering altar of Xom.
  3625 | D:5      | Entered Level 5 of the Dungeon
  3630 | D:5      | Reached skill level 6 in Axes
  3630 | D:5      | Reached XP level 7. HP: 61/61 MP: 6/6
  4016 | D:5      | Reached skill level 7 in Axes
  4110 | D:5      | Reached XP level 8. HP: 59/70 MP: 7/7
  4267 | D:5      | Reached skill level 8 in Axes
  4297 | D:5      | Noticed Blork the orc
  4309 | D:5      | Killed Blork the orc
  5049 | D:5      | Reached skill level 9 in Axes
  5450 | D:6      | Reached skill level 10 in Axes
  5450 | D:6      | Reached XP level 9. HP: 49/79 MP: 8/8
  5596 | D:6      | Found a broken altar of Ashenzari.
  5801 | D:6      | Noticed Eustachio
  5811 | D:6      | Killed Eustachio
  5869 | D:6      | Found Syrip's Assorted Antiques.
  5872 | D:6      | Bought a scroll of identify for 56 gold pieces
  5872 | D:6      | Bought a scroll labelled MOIDGHE UWIRIMU for 28 gold pieces
  5996 | D:6      | Reached skill level 11 in Axes
  6023 | D:6      | Found a snail-covered altar of Cheibriados.
  6680 | D:7      | Gained mutation: You have a pair of large horns on your
                  | head. [potion of mutation]
  6681 | D:7      | Lost mutation: You have a pair of large horns on your head.
                  | [potion of mutation]
  6681 | D:7      | Gained mutation: Your spells are a little harder to cast,
                  | but a little more powerful. [potion of mutation]
  6681 | D:7      | Gained mutation: You possess an exceptional clarity of
                  | mind. [potion of mutation]
  6784 | D:7      | Found a staircase to the Ecumenical Temple.
  6817 | Temple   | Entered the Ecumenical Temple
  6848 | Temple   | Became a worshipper of Warmaster Okawaru
  7241 | D:8      | Paralysed by a hornet for 3 turns
  7246 | D:8      | HP: 3/80 [hornet (13)]
  7246 | D:8      | Paralysed by a hornet for 2 turns
  7673 | D:8      | Noticed a two-headed ogre
  7732 | D:7      | Killed a two-headed ogre
  7733 | D:7      | Reached skill level 12 in Axes
  7733 | D:7      | Reached skill level 10 in Armour
  8010 | D:8      | Reached XP level 10. HP: 78/88 MP: 9/9
  8259 | D:8      | Found a staircase to the Lair.
  8946 | D:9      | Reached * piety under Okawaru
  9143 | D:9      | Reached skill level 13 in Axes
  9394 | D:9      | Noticed a two-headed ogre
 10040 | D:9      | Lost mutation: You possess an exceptional clarity of mind.
                  | [potion of mutation]
 10040 | D:9      | Lost mutation: Your spells are a little harder to cast, but
                  | a little more powerful. [potion of mutation]
 10040 | D:9      | Gained mutation: You are frail. (-10% HP) [potion of
                  | mutation]
 10040 | D:9      | Gained mutation: You expend magic power (3 MP) to
                  | strengthen your wands. [potion of mutation]
 10116 | D:9      | Killed a two-headed ogre
 10116 | D:9      | Reached ** piety under Okawaru
 10117 | D:9      | Reached skill level 1 in Throwing
 10460 | D:9      | Reached skill level 1 in Invocations
 11016 | D:10     | Entered Level 10 of the Dungeon
 11029 | D:10     | Reached skill level 10 in Fighting
 11127 | D:10     | Reached *** piety under Okawaru
 11128 | D:10     | Reached XP level 11. HP: 89/89 MP: 10/10
 11237 | D:10     | Reached skill level 14 in Axes
 11244 | D:10     | Received a gift from Okawaru
 11372 | D:10     | Noticed Nergalle
 11650 | D:10     | Killed Nergalle
 12417 | D:10     | Found a hazy altar of Hepliaklqana.
 12771 | D:11     | Noticed a boulder beetle
 12792 | D:11     | Killed a boulder beetle
 12792 | D:11     | Reached **** piety under Okawaru
 12960 | D:11     | Noticed an orange crystal statue
 13034 | D:11     | Reached skill level 15 in Axes
 13391 | D:11     | Noticed a tengu warrior
 13406 | D:11     | Killed a tengu warrior
 13418 | D:11     | Noticed a tengu warrior
 13535 | D:11     | Killed a tengu warrior
 13540 | D:11     | Reached ***** piety under Okawaru
 13921 | D:11     | Found Ewycih's Antique Weapon Boutique.
 13994 | D:11     | Found Biuvoy's Demolitions Depot.
 14821 | D:12     | Noticed a two-headed ogre
 14821 | D:12     | Noticed Sonja
 14828 | D:12     | Killed a two-headed ogre
 14829 | D:12     | Reached skill level 16 in Axes
 14845 | D:12     | HP: 3/139 [Sonja/+2 short sword of distortion (5)]
 14845 | Abyss:1  | Cast into level 1 of the Abyss (Sonja)
 14890 | Abyss:1  | Killed from afar by a ynoxinul

Illustrated notes

Levels and vault maps discovered:
D:1:      saegor_arrival_simple_b, layout_basic, nicolae_ecumenical_lake_church,
          minmay_heptomino_o4
D:2:      layout_loops_corners
D:3:      layout_loops_corners, chequers_temple_overflow_minitemple,
          kiku_gazebo_garden_becter
D:4:      layout_basic, doesnt_xom_only_xom, hangedman_decor_slide_cut
D:5:      layout_basic, uniq_blork_the_orc
D:6:      layout_rooms, mainiacjoe_overflow_small_starburst,
          cheibriados_altar_1, serial_shops, nicolae_shop_behind_doors,
          serial_park_tiny_1, nicolae_benzene_ring, minmay_ruffians,
          uniq_eustachio
D:7:      layout_loops_ring, minmay_temple_entry_enclosed_plants
D:8:      layout_loops_cross, lair_entry_dummy, hangedman_decor_diamond_cutter
D:9:      layout_long_grid
D:10:     layout_rooms, worldfamousw_hep_ancestral_shrine, uniq_nergalle
D:11:     layout_cave_pools, serial_shops, nicolae_shop_pleasant_corner_grove,
          serial_rivers, chequers_serial_rivers_micro_c,
          chequers_serial_rivers_room_a, chequers_serial_rivers_micro_a,
          chequers_serial_rivers_small_3, nicolae_blasting_shop,
          minmay_statue_bubble
D:12:     minmay_statue_hallways, layout_loops_ring, david_orc_1_choice,
          serial_shops, nicolae_shop_crystal, nicolae_diode_basic, uniq_sonja
Temple:   ebering_untended_altars
Abyss:1:  base:
D:8

Skill      XL: |  1  2  3  4  5  6  7  8  9 10 11 |
---------------+----------------------------------+-----
Armour         | 4 5 6 7 9 10 11 12 | 12.0
Fighting       | 4 5 7 8 10 11 | 11.9
Axes           | 3 4 5 6 7 10 12 13 16 | 16.2
Throwing       | 1 2 |  2.3
Invocations    | 1 |  1.2
Shields        | |  3.6
Evocations     | |  0.3

Action                     |  1- 3 |  4- 6 |  7- 9 | 10-12 || total
---------------------------+-------+-------+-------+-------++-------
  Melee: War axe           |   103 |    49 |   213 |   292 ||   657
         Headbutt          |     8 |    13 |    48 |    67 ||   136
  Throw: Dart              |       |       |     3 |    12 ||    15
 Invoke: Heroism           |       |       |       |     4 ||     4
  Evoke: Wand              |       |       |     2 |     1 ||     3
    Use: Scroll            |     2 |     2 |     7 |     1 ||    12
         Potion            |       |     1 |    10 |     5 ||    16
 Armour: Scale mail        |    49 |    16 |    39 |       ||   104
         Plate armour      |       |       |    37 |   175 ||   212
         Skin              |       |       |       |    15 ||    15
  Dodge: Dodged            |    52 |    22 |    72 |    71 ||   217
  Block: Buckler           |    29 |     7 |    44 |    74 ||   154
